 Dungeon Crawl Stone Soup version 0.29-a0-90-gc37658a0fe (webtiles) character file.

Game seed: 3323964894943581403

25 lordive the Vexing (level 3, -3/28 HPs)
             Began as a Gnoll Arcane Marksman on Feb 7, 2022.
             Slain by an adder (5 damage)
             ... on level 2 of the Dungeon.
             The game lasted 00:01:18 (1977 turns).

lordive the Vexing (Gnoll Arcane Marksman)          Turns: 1977, Time: 00:01:19

Health: -3/28      AC:  2    Str:  9    XL:     3   Next: 4%
Magic:  7/7        EV: 13    Int: 14    God:
Gold:   69         SH:  0    Dex: 12    Spells: 6/7 levels left

rFire   . . .      SeeInvis .   f - staff of air
rCold   . . .      Faith    .   (no shield)
rNeg    . . .      Spirit   .   d - +0 robe
rPois   .          Reflect  .   (no helmet)
rElec   +          Harm     .   (no cloak)
rCorr   .          Rampage  .   (no gloves)
Will    .....                   (no boots)
Stlth   +.........              (no amulet)
HPRegen 0.09/turn               (no ring)
MPRegen 0.10/turn               (no ring)

@: lethally poisoned (-3 -> -6), flying
A: fangs 1, strong nose, distributed training
a: no special abilities


You were on level 2 of the Dungeon.
You visited 1 branch of the dungeon, and saw 2 of its levels.

You collected 69 gold pieces.

Inventory:

Hand Weapons
 a - a +0 shortbow
Missiles
 c - 20 arrows
 e - 3 poisoned darts (quivered)
Armour
 d - a +0 robe (worn)
Magical Staves
 f - a staff of air (weapon)
Scrolls
 b - a scroll of summoning {unknown}
 g - a scroll of enchant armour {unknown}
 h - a scroll of teleportation {unknown}
 i - a scroll of identify {unknown}
 k - a scroll of blinking {unknown}
Potions
 j - a potion of flight


   Skills:
 + Level 2.5 Fighting
 + Level 0.5 Short Blades
 + Level 0.5 Long Blades
 + Level 0.5 Axes
 + Level 0.5 Maces & Flails
 + Level 0.5 Polearms
 + Level 0.5 Staves
 + Level 0.5 Slings
 + Level 4.5 Bows
 + Level 0.5 Crossbows
 + Level 0.5 Throwing
 + Level 0.5 Armour
 + Level 4.5 Dodging
 + Level 0.5 Stealth
 + Level 0.5 Shields
 + Level 0.5 Unarmed Combat
 + Level 2.7 Spellcasting
 + Level 0.4 Conjurations
 + Level 5.4 Hexes
 + Level 0.4 Summonings
 + Level 0.4 Necromancy
 + Level 0.4 Translocations
 + Level 0.4 Transmutations
 + Level 0.4 Fire Magic
 + Level 0.4 Ice Magic
 + Level 0.4 Air Magic
 + Level 0.4 Earth Magic
 + Level 0.4 Poison Magic
 + Level 0.7 Invocations
 + Level 0.5 Evocations


You had 6 spell levels left.
You knew the following spells:

 Your Spells              Type           Power      Damage    Failure   Level
a - Slow                  Hex            68%        N/A       2%          1

Your spell library contained the following spells:

 Spells                   Type           Power      Damage    Failure   Level
 Foxfire                  Conj/Fire      12%        2x1d4     19%         1
 Sandblast                Erth           6%         2d5       19%         1
 Inner Flame              Hex/Fire       10%        N/A       21%         3
 Portal Projectile        Hex/Tloc       20%        N/A       21%         3
 Cause Fear               Hex            8%         N/A       24%         4
 Passwall                 Tmut/Erth      2%         N/A       28%         2
 Conjure Flame            Conj/Fire      3%         6-21      50%         3
 Stone Arrow              Conj/Erth      6%         3d7       50%         3
 Flame Wave               Conj/Fire      3%         2d4       88%         4


Dungeon Overview and Level Annotations

Branches:
Dungeon (2/15)

Altars:

Shops:
D:1 *


Innate Abilities, Weirdness & Mutations

You have very sharp teeth.
Your uncanny sense of smell can sniff out nearby items.
Your experience applies equally to all skills.


Message History

The adder is lightly wounded.
The adder bites you. The adder barely misses you.
You hit the adder but do no damage. Your bite misses the adder.
The adder is lightly wounded.
The adder closely misses you.
You miss the adder. Your bite misses the adder.
The adder is lightly wounded.
The adder bites you.
You are poisoned.
The adder poisons you! The adder bites you.
You are more poisoned.
The adder poisons you!
You hit the adder but do no damage.
The adder is lightly wounded.
You feel very sick. The adder bites you.
You hit the adder.
The adder is moderately wounded.
You feel sick. The adder bites you.
* * * LOW HITPOINT WARNING * * *
The adder bites you.
* * * LOW HITPOINT WARNING * * *
You hit the adder.
The adder is heavily wounded.
* * * LOW HITPOINT WARNING * * *
You feel sick. The adder completely misses you.
You miss the adder. Your punch misses the adder.
The adder is heavily wounded.
* * * LOW HITPOINT WARNING * * *
You feel sick. The adder misses you. x2
You miss the adder.
The adder is heavily wounded.
* * * LOW HITPOINT WARNING * * *
You feel sick. The adder closely misses you.
It was a potion of flight.
You feel very buoyant.
You fly up into the air.
* * * LOW HITPOINT WARNING * * *
You feel sick. The adder bites you.
You die...

§..§§.#...##
#..........
..b§§§##+##
#..........
#.....
#####..........
######
#........##...#
#.#####.## #.##
∆ #.# .#
..#####.####.#
.............#
∆#.#####@######
#S# ..# ####


You could see an adder.

Vanquished Creatures
  A dart slug (D:1)
  2 ball pythons (D:1)
  4 endoplasms
  A giant cockroach (D:2)
  A goblin (D:1)
  2 hobgoblins (D:1)
  3 kobolds
  2 quokkas (D:1)
  A frilled lizard (D:1)
  3 rats (D:1)
20 creatures vanquished.

Vanquished Creatures (others)
  A withered plant (D:2)
1 creature vanquished.

Grand Total: 21 creatures vanquished

Notes
Turn   | Place    | Note
-------+----------+-------------------------------------------
     0 | D:1      | lordive the Gnoll Arcane Marksman began the quest for the
                  | Orb.
     0 | D:1      | Reached XP level 1. HP: 17/17 MP: 4/4
   207 | D:1      | Found a faded altar of an unknown god.
   243 | D:1      | Reached XP level 2. HP: 18/23 MP: 5/5
  1434 | D:1      | Found Aptubbof's Assorted Antiques.
  1712 | D:2      | Reached XP level 3. HP: 15/28 MP: 7/7
  1977 | D:2      | Slain by an adder

Illustrated notes

Levels and vault maps discovered:
D:1:      lightli_arrival_boilingwater, layout_basic,
          chequers_ecumenical_altar_island, serial_shops,
          nicolae_shop_behind_doors
D:2:      layout_loops_corners, serial_undead, serial_undead_b, serial_undead_e,
          serial_undead_a, serial_undead_a, kennysheep_generic_room_7,
          uniq_jessica

Action                   || total
-------------------------++-------
Melee: Staff             ||   111
       Bite              ||    13
       Punch             ||     2
 Fire: Shortbow          ||    12
  Use: Potion            ||     1
 Stab: Sleeping          ||     1
Armor: Robe              ||    12
Dodge: Dodged            ||    82

Table legend: (Time is in decaauts)
 A = Elapsed time spent in this place.
 B = Non-inter-level travel time spent in this place.
 C = Inter-level travel time spent in this place.
 D = Time resting spent in this place.
 E = Time spent auto-exploring this place.
 F = Levels seen in this place.
 G = Mean time per level.
                   A        B        C        D        E       F      G
               +--------+--------+--------+--------+--------+-----+--------+
         Total |   2009 |   2003 |      6 |    133 |   1597 |   2 | 1004.5 |
       Dungeon |   2009 |   2003 |      6 |    133 |   1597 |   2 | 1004.5 |
               +--------+--------+--------+--------+--------+-----+--------+

Top non-repeatable levels by time:
     D:1: 1709 daAuts
     D:2: 300 daAuts
